 Seeded DCSS version 0.27.1 (webtiles) character file.

Game seed: 14036611466628663890 (custom seed)

237 voltaire321 the Poker (level 6, -16/48 HPs)
             Began as a Merfolk Gladiator on Aug 24, 2021.
             Demolished by Pikel (17 damage)
             ... on level 3 of the Dungeon.
             The game lasted 00:10:03 (3463 turns).

voltaire321 the Poker (Merfolk Gladiator)           Turns: 3463, Time: 00:10:03

Health: -16/48     AC:  7    Str: 15    XL:     6   Next: 6%
Magic:  6/6        EV: 10    Int:  7    God:
Gold:   84         SH:  8    Dex: 17    Spells: 5/5 levels left

rFire    . . .     SeeInvis .   a - +0 trident
rCold    . . .     Faith    .   g - +1 kite shield {reflect}
rNeg     . . .     Spirit   .   f - +0 ring mail
rPois    .         Reflect  +   c - +0 helmet
rElec    .         Harm     .   (no cloak)
rCorr    .         Rampage  .   (no gloves)
Will     .....                  i - +0 pair of boots
Stlth    +.........             (no amulet)
HPRegen  0.16/turn              (no ring)
MPRegen  0.10/turn              (no ring)

@: no status effects
A: (nimble swimmer 2), mertail
a: no special abilities


You were on level 3 of the Dungeon.
You visited 1 branch of the dungeon, and saw 4 of its levels.

You collected 84 gold pieces.

Inventory:

Hand Weapons
 a - a +0 trident (weapon)
Missiles
 d - 3 throwing nets (quivered)
Armour
 c - a +0 helmet (worn)
 f - a +0 ring mail (worn)
 g - a +1 kite shield of reflection (worn)
 i - a +0 pair of boots (worn)
Jewellery
 h - an amulet of faith
Potions
 b - a potion of lignification
 e - 2 potions of brilliance {unknown}
 j - a potion of resistance {unknown}
 k - a potion of might {unknown}


   Skills:
 + Level 3.6 Fighting
 + Level 5.8 Polearms
 + Level 3.2 Throwing
 + Level 1.2 Armour
 + Level 5.2 Dodging
 + Level 0.5 Shields


You had 5 spell levels left.
You didn't know any spells.
Your spell library contained the following spells:

 Spells                   Type           Power      Damage    Failure   Level
 Apportation              Tloc           0%         N/A       99%         1


Dungeon Overview and Level Annotations

Branches:
Dungeon (4/15)
 Temple: D:4-7

Altars:
Cheibriados
Elyvilon
Kikubaaqudgha
Wu Jian

Shops:
D:2 ?[(??

Annotations:
D:3 Pikel


Innate Abilities, Weirdness & Mutations

((You are quick and stealthy near water. (Stealth+, EV+, Speed+++)))
Your lower body shifts to a powerful aquatic tail in water.


Message History

You hit the quokka.
The quokka is almost dead.
The quokka bites you. You block the quokka's attack.
You puncture the quokka!
You kill the quokka!
You start resting.
HP restored.
Things that are here:
a +0 dagger; a quokka corpse
There is a stone staircase leading up here.
Found a stone staircase leading up.
A lemure comes into view.
Found two ring mails and a glowing blue potion.
The lemure shouts!
You hear a shout!
The lemure moves out of view.
You hear a shout!
Pikel the Slaver comes into view.
He is wielding a +1 whip of electrocution and wearing a +2 robe of the Archmagi.
A lemure comes into view.
A lemure comes into view.
A lemure comes into view.
There is a stone staircase leading up here.
Pikel hits you with a +1 whip of electrocution!
You are electrocuted!
You climb upwards.
There is a stone staircase leading down here.
You barely miss Pikel. You block Pikel's attack.
Pikel hits you with a +1 whip of electrocution.
You closely miss Pikel. You block Pikel's attack.
You hit Pikel but do no damage.
Pikel hits you with a +1 whip of electrocution.
* * * LOW HITPOINT WARNING * * *
You are electrocuted!
* * * LOW HITPOINT WARNING * * *
You hit Pikel but do no damage.
Pikel hits you with a +1 whip of electrocution.
* * * LOW HITPOINT WARNING * * *
Pikel hits you with a +1 whip of electrocution.
* * * LOW HITPOINT WARNING * * *
You are electrocuted!
You die...

.......'..........#......########
.......####..###.##......#
.......##.....##.##......#
'########.........'.)....# .#
#......#.##......# .#
#....#.#.##......# '######
#....#...##......# ......#
#######..##......# ......#
#K@##......# ......# ##.##......#
......# #.##......# '######
#.##......# .# #.##......# .#
#.#####'### .# #.......# .#
######### #########


You could see Pikel.

Vanquished Creatures
  A necrophage (D:2)
  A vampire bat (D:3)
  A gnoll (D:1)
  A howler monkey skeleton (D:4)
  3 adders (D:2)
  7 ball pythons
  4 bat skeletons (D:3)
  2 bat zombies (D:3)
  5 endoplasms
  A giant cockroach (D:1)
  11 goblins
  2 hobgoblins
  5 jackals (D:1)
  4 quokkas
  3 bats
  5 frilled lizards
  5 kobolds
  5 rats
66 creatures vanquished.

Vanquished Creatures (others)
  A plant (D:2)
1 creature vanquished.

Grand Total: 67 creatures vanquished

Notes
Turn   | Place    | Note
-------+----------+-------------------------------------------
     0 | D:1      | voltaire321 the Merfolk Gladiator began the quest for the
                  | Orb.
     0 | D:1      | Reached XP level 1. HP: 16/16 MP: 1/1
   164 | D:1      | Found a faded altar of an unknown god.
   175 | D:1      | Got Plato's Volume of Displacement
   192 | D:1      | Reached XP level 2. HP: 9/23 MP: 2/2
   647 | D:1      | Reached XP level 3. HP: 28/28 MP: 3/3
   828 | D:1      | Reached skill level 5 in Polearms
  1627 | D:2      | Found a snail-covered altar of Cheibriados.
  1650 | D:2      | Found Suuttis's Magic Scroll Shoppe.
  1704 | D:2      | Reached XP level 4. HP: 33/34 MP: 4/4
  1717 | D:2      | Found Recukecasm's Magic Scroll Boutique.
  1952 | D:2      | Found Kistea's Weapon Shop.
  2003 | D:2      | Found Ywoahe Xelo's Armour Shop.
  2185 | D:2      | Found Ciliuc's Magic Scroll Emporium.
  2249 | D:2      | Noticed a necrophage
  2256 | D:2      | Killed a necrophage
  2257 | D:2      | Reached skill level 1 in Armour
  2257 | D:2      | Reached skill level 5 in Dodging
  2257 | D:2      | Reached XP level 5. HP: 41/41 MP: 5/5
  2419 | D:3      | Identified a scroll of acquirement
  2419 | D:3      | Acquired a +1 kite shield of reflection
  2574 | D:3      | Found a white marble altar of Elyvilon.
  2631 | D:3      | Found an ancient bone altar of Kikubaaqudgha.
  2985 | D:3      | Reached XP level 6. HP: 46/47 MP: 6/6
  3062 | D:3      | Found an ornate altar of the Wu Jian Council.
  3443 | D:4      | Noticed Pikel
  3463 | D:3      | HP: 1/48 [Pikel (3)]
  3463 | D:3      | Demolished by Pikel

Illustrated notes

Levels and vault maps discovered:
D:1:      elethiomel_arrival_infinity_welcomes_careful_drivers, layout_rooms,
          shapermc_ecumenical_altar_rom_forum, minmay_stone_trees_medium,
          minmay_misc_feat_five
D:2:      layout_loops_ring, basic_altar, serial_shops, shop, shop, shop, shop,
          shop, minmay_shallow_snake_nest
D:3:      layout_basic, nicolae_wu_jian_immortal_techniques,
          mainiacjoe_overflow_chevrons, kennysheep_vampire_church,
          hangedman_decor_diamond_cutter, kennysheep_generic_room_8
D:4:      layout_cave_pools, serial_shops, kennysheep_mini,
          minmay_misc_feat_plants, uniq_pikel

Skill      XL: |  1  2  3  4 |
---------------+-------------+-----
Polearms       | 5 |  5.8
Fighting       | 3 |  3.6
Throwing       | 3 |  3.2
Armour         | 1 |  1.2
Dodging        | 5 |  5.2
Shields        | |  0.5

Action                   |  1- 3 |  4- 6 || total
-------------------------+-------+-------++-------
Melee: Trident           |   116 |   119 ||   235
  Use: Scroll            |       |     3 ||     3
 Stab: Sleeping          |     1 |       ||     1
Armor: Leather armour    |    20 |       ||    20
       Ring mail         |     7 |    57 ||    64
Dodge: Dodged            |    74 |    76 ||   150
Block: Kite shield       |       |    44 ||    44
